 Dungeon Crawl Stone Soup version 0.21.1-72-gffa868e (webtiles) character file.

1530 Doobh the Quickloader (level 9, 0/55 HPs)
             Began as a Kobold Hunter on Aug 5, 2018.
             Was a Believer of Dithmenos.
             Slain by a killer bee (3 damage)
             ... on level 6 of the Dungeon.
             The game lasted 00:29:19 (5903 turns).

Doobh the Quickloader (Kobold Hunter)               Turns: 5903, Time: 00:29:22

Health: 0/55       AC:  4    Str:  9    XL:     9   Next: 10%
Magic:  9/9        EV: 17    Int: 11    God:    Dithmenos [**....]
Gold:   247        SH:  5    Dex: 18    Spells: 8/8 levels left

rFire    . . .     SeeInvis .   a - +3 hand crossbow
rCold    . . .     Gourm    .   t - +0 buckler
rNeg     . . .     Faith    .   c - +1 leather armour
rPois    .         Spirit   .   (helmet restricted)
rElec    .         Reflect  .   (no cloak)
rCorr    .         Harm     .   (no gloves)
MR       .....                  (no boots)
Stlth    ++++......             (no amulet)
HPRegen  0.18/turn              (no ring)
MPRegen  0.11/turn              (no ring)

@: lethally poisoned (0 -> -10), wreathed by umbra
A: small, horns 1, carnivore, dopey 1
a: Shadow Step, Renounce Religion


You were on level 6 of the Dungeon.
You worshipped Dithmenos.
Dithmenos was pleased with you.
You were not hungry.

You visited 1 branch of the dungeon, and saw 6 of its levels.

You collected 247 gold pieces.

Inventory:

Hand Weapons
 a - a +3 hand crossbow (weapon)
 s - a +0 dagger of protection
Missiles
 e - 23 bolts (quivered)
 i - 7 poisoned needles
Armour
 c - a +1 leather armour (worn)
 t - a +0 buckler (worn)
Wands
 d - a wand of enslavement (7)
 k - a wand of iceblast (8)
 o - a wand of polymorph (13)
Scrolls
 g - a scroll of random uselessness {unknown}
 h - 2 scrolls of fog
 j - 3 scrolls of remove curse
 l - a scroll of teleportation
 m - 4 scrolls of magic mapping
 r - 2 scrolls of identify {unknown}
Potions
 b - a potion of cancellation {unknown}
 q - a potion of brilliance
Books
 n - a book of Power

   Spells                             Type                      Level
   a - Iskenderun's Battlesphere      Conjuration/Charms           5
   b - Venom Bolt                     Conjuration/Poison           5
   c - Bolt of Magma                  Conjuration/Fire/Earth       5
   d - Iron Shot                      Conjuration/Earth            6
   e - Orb of Destruction             Conjuration                  7
   f - Spellforged Servitor           Conjuration/Summoning        7
 p - a book of Minor Magic

   Spells                             Type                      Level
   a - Magic Dart                     Conjuration                  1
   b - Blink                          Translocation                2
   c - Call Imp                       Summoning                    2
   d - Slow                           Hexes                        2
   e - Conjure Flame                  Conjuration/Fire             3
   f - Mephitic Cloud                 Conjuration/Poison/Air       3
Comestibles
 f - 12 rations


   Skills:
 + Level 6.2 Fighting
 + Level 1.0 Short Blades
 - Level 8.0 Crossbows
 + Level 2.4 Armour
 - Level 6.0 Dodging
 * Level 7.0 Stealth
 + Level 0.5 Shields


You had 8 spell levels left.
You didn't know any spells.

Dungeon Overview and Level Annotations

Branches:
Dungeon (6/15)             Temple (0/1) D:6

Altars:
Ashenzari
Cheibriados
Dithmenos
Elyvilon
Fedhas
Hepliaklqana
Trog
Vehumet
Xom
The Shining One

Annotations:
D:2 Grinder


Innate Abilities, Weirdness & Mutations

You are small and have problems with some larger weapons.
You are carnivorous and can eat meat at any time.
You have a pair of small horns on your head.
You are dopey. (Int -2)


Message History

The killer bee is heavily wounded.
The killer bee misses you. The killer bee barely misses you.
Firing (i - inventory):
e - 25 bolts (quivered)
Press: ? - help, Shift-Dir - straight line, f/p - killer bee
Aim: a killer bee (heavily wounded, umbra)
You shoot a bolt. The bolt hits the killer bee!
The killer bee is almost dead.
The killer bee misses you. The killer bee stings you.
* * * LOW HITPOINT WARNING * * *
Firing (i - inventory):
e - 24 bolts (quivered)
Press: ? - help, Shift-Dir - straight line, f/p - killer bee
Aim: a killer bee (almost dead, umbra)
You shoot a bolt. The bolt closely misses the killer bee.
The killer bee stings you.
* * * LOW HITPOINT WARNING * * *
The killer bee stings you!
* * * LOW HITPOINT WARNING * * *
You are lethally poisoned!
The killer bee poisons you! The killer bee stings you.
You die...

...###.......#
##.......#
...........#
#....#####.#
.....#####.#
!..........#
..##.......# #
..##.......#####.#
#(((.(...(.y@..#
(.....##########
...... ..#### ..


You could see a killer bee.

Vanquished Creatures
  A sky beast (D:6)
  2 phantoms (D:6)
  2 centaurs
  2 ogres
  A big kobold (D:5)
  A bullfrog (D:6)
  A wyvern skeleton (D:6)
  2 killer bees (D:6)
  A howler monkey (D:6)
  A crimson imp (D:5)
  2 hounds
  Crazy Yiuf (D:3)
  3 orc priests
  2 orc wizards
  An iguana (D:5)
  Terence (D:2)
  4 worker ants
  A hound zombie (D:6)
  3 gnolls (D:2)
  3 adders (D:2)
  2 shadow imps (D:6)
  4 worms (D:2)
  2 dart slugs
  4 leopard geckos
  15 orcs
  A giant cockroach (D:3)
  8 hobgoblins
  8 jackals
  2 quokkas
  A ball python (D:3)
  10 bats
  10 frilled lizards
  6 goblins
  A jackal skeleton (D:4)
  10 kobolds
  4 rats
123 creatures vanquished.

Vanquished Creatures (collateral kills)
  A kobold (D:2)
  A quokka (D:2)
2 creatures vanquished.

Vanquished Creatures (others)
  Jessica (D:2)
1 creature vanquished.

Grand Total: 126 creatures vanquished

Notes
Turn   | Place    | Note
-------+----------+-------------------------------------------
     0 | D:1      | Doobh the Kobold Hunter began the quest for the Orb.
     0 | D:1      | Reached XP level 1. HP: 12/12 MP: 1/1
   153 | D:1      | Reached skill level 5 in Crossbows
   198 | D:1      | Reached XP level 2. HP: 18/18 MP: 2/2
   632 | D:2      | Reached XP level 3. HP: 20/22 MP: 3/3
   752 | D:2      | Reached XP level 4. HP: 19/27 MP: 4/4
  1126 | D:2      | Noticed Jessica
  1155 | D:2      | Your ally died
  1385 | D:2      | Reached skill level 1 in Armour
  1445 | D:2      | Found a radiant altar of Vehumet.
  1449 | D:2      | Found a shimmering altar of Xom.
  1449 | D:2      | Found a snail-covered altar of Cheibriados.
  1450 | D:2      | Found a white marble altar of Elyvilon.
  1451 | D:2      | Found a bloodstained altar of Trog.
  1452 | D:2      | Found a hazy altar of Hepliaklqana.
  1452 | D:2      | Noticed Terence
  1465 | D:2      | Killed Terence
  1465 | D:2      | Reached XP level 5. HP: 32/32 MP: 5/5
  1739 | D:2      | Gained mutation: You are dopey. (Int -2) [potion of mutation]
  1739 | D:2      | Gained mutation: You have a pair of small horns on your head. [potion of mutation]
  2147 | D:3      | Noticed Grinder
  2245 | D:3      | Found a shadowy altar of Dithmenos.
  2259 | D:3      | Became a worshipper of Dithmenos the Shadowed
  2302 | D:3      | Paralysed by Grinder for 5 turns
  2626 | D:3      | Reached XP level 6. HP: 37/37 MP: 6/6
  2739 | D:3      | Found a glowing golden altar of the Shining One.
  2755 | D:3      | Reached skill level 6 in Crossbows
  2788 | D:3      | Reached * piety under Dithmenos
  2915 | D:3      | Paralysed by Grinder for 6 turns
  2924 | D:3      | Paralysed by Grinder for 7 turns
  3219 | D:3      | Found a runed door.
  3223 | D:3      | Noticed Crazy Yiuf
  3230 | D:3      | Killed Crazy Yiuf
  3493 | D:4      | Reached XP level 7. HP: 28/42 MP: 7/7
  3847 | D:4      | Found a blossoming altar of Fedhas.
  4102 | D:5      | Entered Level 5 of the Dungeon
  4535 | D:5      | Found a shattered altar of Ashenzari.
  4560 | D:5      | Reached skill level 7 in Crossbows
  4747 | D:5      | Reached ** piety under Dithmenos
  4747 | D:5      | Reached skill level 5 in Dodging
  4747 | D:5      | Reached XP level 8. HP: 26/48 MP: 8/8
  5168 | D:5      | Reached skill level 5 in Stealth
  5380 | D:6      | Reached skill level 8 in Crossbows
  5381 | D:6      | Found a staircase to the Ecumenical Temple.
  5400 | D:6      | Reached skill level 5 in Fighting
  5796 | D:6      | Reached skill level 1 in Short Blades
  5840 | D:6      | Reached XP level 9. HP: 47/55 MP: 9/9
  5903 | D:6      | Slain by a killer bee

Skill      XL: |  1  2  3  4  5  6  7  8  9 |
---------------+----------------------------+-----
Crossbows      | 5 6 7 8 |  8.0
Stealth        | 2 3 4 6 7 |  7.0
Fighting       | 3 4 5 6 |  6.2
Armour         | 1 2 |  2.4
Dodging        | 3 4 5 6 |  6.0
Short Blades   | 1 |  1.0
Shields        | |  0.5

Action                   |  1- 3 |  4- 6 |  7- 9 || total
-------------------------+-------+-------+-------++-------
Melee: Short sword       |       |    33 |       ||    33
       Dagger            |       |       |     4 ||     4
       Hand crossbow     |       |       |     2 ||     2
       Headbutt          |       |       |     1 ||     1
 Fire: Hand crossbow     |    68 |   127 |   211 ||   406
Evoke: Wand              |       |     3 |       ||     3
  Use: Scroll            |       |    11 |     2 ||    13
       Potion            |       |     7 |     2 ||     9
  Eat: Chunk             |     1 |     1 |     5 ||     7
       Ration            |       |     3 |     2 ||     5
Armor: Leather armour    |     7 |     5 |    16 ||    28
       Skin              |       |    16 |       ||    16
Dodge: Dodged            |    22 |    66 |   110 ||   198
Block: Buckler           |       |       |    18 ||    18
